 Dungeon Crawl Stone Soup version 0.29-a0-997-gf6f7e2dfe7 (webtiles) character file.

Game seed: 16570983871032459897

1301 leavemydog the Cleaver (level 8, -9/69 HPs)
             Began as a Hill Orc Fighter on Aug 4, 2022.
             Killed from afar by a steam dragon (21 damage)
             ... with a ball of steam
             ... on level 6 of the Dungeon.
             The game lasted 00:07:51 (5982 turns).

leavemydog the Cleaver (Hill Orc Fighter)           Turns: 5982, Time: 00:07:52

Health: -9/69      AC: 11    Str: 21    XL:     8   Next: 57%
Magic:  8/8        EV:  9    Int:  8    God:
Gold:   331        SH:  4    Dex: 10    Spells: 7/7 levels left

rFire   . . .      SeeInvis .   a - +0 war axe
rCold   . . .      Faith    .   c - +0 buckler
rNeg    . . .      Spirit   .   b - +0 scale mail
rPois   .          Reflect  .   (no helmet)
rElec   .          Harm     .   (no cloak)
rCorr   +          Rampage  .   (no gloves)
Will    .....                   (no boots)
Stlth   ..........              (no amulet)
HPRegen 0.21/turn               u - ring of resist corrosion
MPRegen 0.11/turn               x - +4 ring of protection

@: no status effects
A: no striking features
a: no special abilities


You were on level 6 of the Dungeon.
You visited 2 branches of the dungeon, and saw 7 of its levels.

You collected 331 gold pieces.

Inventory:

Hand Weapons
 a - a +0 war axe (weapon)
Missiles
 l - 6 curare-tipped darts (quivered)
 s - 6 datura-tipped darts
 y - a throwing net
Armour
 b - a +0 scale mail (worn)
 c - a +0 buckler (worn)
 C - the +1 leather armour "Kaupud" {rF+}
   (You found it on level 6 of the Dungeon)

   rF:        It protects you from fire.
Jewellery
 n - a ring of magical power
 u - a ring of resist corrosion (left hand)
 w - a ring of fire
 x - a +4 ring of protection (right hand)
Wands
 B - a wand of iceblast (9)
Scrolls
 d - a scroll of immolation {unknown}
 g - a scroll of amnesia {unknown}
 k - a scroll of magic mapping
 m - 2 scrolls of vulnerability
 q - 2 scrolls of teleportation {unknown}
 t - a scroll of fog {unknown}
 v - a scroll of fear
 A - 3 scrolls of identify
Potions
 e - a potion of mutation {unknown}
 f - a potion of ambrosia {unknown}
 h - a potion of lignification {unknown}
 i - a potion of heal wounds {unknown}
 j - 2 potions of attraction
 o - a potion of haste {unknown}
 p - 4 potions of flight {unknown}
 r - 3 potions of curing
 z - a potion of magic {unknown}


   Skills:
 + Level 5.5 Fighting
 * Level 10.9 Axes
 + Level 5.5 Armour
 + Level 4.4 Shields


You had 7 spell levels left.
You didn't know any spells.
Your spell library contained the following spells:

 Spells                   Type           Power      Damage    Failure   Level
 Static Discharge         Conj/Air       0%         3-3/arc   91%         2
 Dispel Undead            Necr           0%         3d6       100%        4
 Sticky Flame             Conj/Fire      0%         2d3       100%        4
 Summon Forest            Summ/Tloc      0%         N/A       100%        5
 Eringya's Noxious Bog    Tmut/Pois      0%         N/A       100%        6
 Summon Hydra             Summ           0%         N/A       100%        7


Dungeon Overview and Level Annotations

Branches:
Dungeon (6/15)             Temple (1/1) D:4

Altars:
Ashenzari
Cheibriados
Dithmenos
Elyvilon
Gozag
Makhleb
Nemelex Xobeh
Okawaru
Qazlal
Sif Muna
Uskayaw
Zin
The Shining One

Shops:
D:1 =   D:5 [

Annotations:
D:5 3 runed translucent doors, gabibbone's ghost, novice TrFi


Message History

The steam dragon is almost dead.
You hit the steam dragon.
You kill the steam dragon!
You hit the steam dragon.
The steam dragon is lightly wounded.
The steam dragon bites you but does no damage.
The steam dragon barely misses you. x2
The steam dragon claws you but does no damage.
You closely miss the steam dragon.
The steam dragon is lightly wounded.
The steam dragon breathes steam at you. The ball of steam hits you!!
You barely miss the steam dragon.
The steam dragon is lightly wounded.
You are engulfed in a cloud of scalding steam.
The steam dragon closely misses you.
The steam dragon claws you but does no damage.
You hit the steam dragon.
The steam dragon is moderately wounded.
You are engulfed in a cloud of scalding steam.
The steam dragon bites you. The steam dragon closely misses you.
You hit the steam dragon.
The steam dragon is heavily wounded.
You are engulfed in a cloud of scalding steam.
* * * LOW HITPOINT WARNING * * *
The steam dragon bites you.
* * * LOW HITPOINT WARNING * * *
The steam dragon barely misses you.
The steam dragon attacks as you move away!
The steam dragon bites you.
* * * LOW HITPOINT WARNING * * *
The steam dragon barely misses you.
The steam dragon attacks as you move away!
The steam dragon barely misses you. You block the steam dragon's attack.
The steam dragon attacks as you move away!
The steam dragon bites you but does no damage.
You block the steam dragon's attack. The steam dragon breathes steam at you.
The ball of steam hits you!!
You die...

,***,,,,,...,***,#***** ####..#
,* *******#..*,,,.## #..# ,*****
*..#,**#.#########..# ,,,,,*
*,...* #............#
,***,******,*#.###.#,########÷##
,* *,,,,,,*,*#...n.#,* #..#
,***,,***,*,*#.#D#.#,* ##†#
,,**,,* *,*,**,#§#.#,# #.#
,*,*,,***,*,*#,#@#n#.# #.#
***,,,,,,,..##.#.#.#.# #.#
,*,*,,,,,,.)§.D......# #<#
,,,,,,,,,,####.....###########.#
,,,,,,,,,,n......#.............#
,,****,,,,.........#############
*** *****##########


You could see a steam dragon (catching breath) and a necrophage.

Vanquished Creatures
  Prince Ribbit (D:5)
  A steam dragon (D:6)
  2 black bears
  An ogre (D:4)
  A phantom (D:5)
  2 scorpions (D:5)
  A bullfrog zombie (D:4)
  2 hounds (D:4)
  2 jellies
  An orc priest (D:6)
  2 orc wizards
  A hound zombie (D:4)
  A hound skeleton (D:4)
  3 gnolls (D:4)
  9 adders
  3 ufetubi
  4 adder zombies (D:4)
  3 worms
  A dart slug (D:5)
  7 orcs
  11 ball pythons
  9 endoplasms
  4 giant cockroaches
  7 goblins
  6 hobgoblins
  2 jackals (D:5)
  4 quokkas
  7 bats
  3 frilled lizards
  5 kobolds
  A quokka zombie (D:4)
  7 rats
114 creatures vanquished.

Vanquished Creatures (others)
  An orc (D:6)
  A withered plant (D:4)
2 creatures vanquished.

Grand Total: 116 creatures vanquished

Notes
Turn   | Place    | Note
-------+----------+-------------------------------------------
     0 | D:1      | leavemydog the Hill Orc Fighter began the quest for the
                  | Orb.
     0 | D:1      | Reached XP level 1. HP: 19/19 MP: 1/1
   109 | D:1      | Reached XP level 2. HP: 26/27 MP: 2/2
   192 | D:1      | Reached skill level 3 in Axes
   429 | D:1      | Found a faded altar of an unknown god.
   689 | D:1      | Reached XP level 3. HP: 33/33 MP: 3/3
   843 | D:1      | Found Pykexant's Jewellery Shop.
  1248 | D:2      | Reached skill level 4 in Axes
  1701 | D:2      | Reached XP level 4. HP: 24/40 MP: 4/4
  2121 | D:3      | Reached skill level 5 in Axes
  2479 | D:3      | Reached XP level 5. HP: 46/46 MP: 5/5
  2657 | D:3      | You fall into a shaft and drop 1 floor!
  2657 | D:4      | Found a white marble altar of Elyvilon.
  2669 | D:4      | Noticed an ogre
  2676 | D:4      | Killed an ogre
  2677 | D:4      | Reached skill level 6 in Axes
  2830 | D:4      | Found a staircase to the Ecumenical Temple.
  2838 | D:4      | Reached XP level 6. HP: 53/53 MP: 6/6
  2845 | Temple   | Entered the Ecumenical Temple
  3070 | D:4      | Reached skill level 7 in Axes
  4097 | D:4      | Noticed a black bear
  4106 | D:4      | Killed a black bear
  4107 | D:4      | Reached skill level 8 in Axes
  4107 | D:4      | Reached XP level 7. HP: 51/60 MP: 7/7
  4247 | D:4      | Found a shimmering blue altar of Sif Muna.
  4497 | D:4      | Found a sparkling altar of Nemelex Xobeh.
  4518 | D:5      | Entered Level 5 of the Dungeon
  4534 | D:5      | Noticed gabibbone's ghost (novice TrFi)
  4560 | D:5      | Found a runed translucent gate.
  4560 | D:5      | Found a runed translucent gate.
  4560 | D:5      | Found a runed translucent gate.
  4578 | D:5      | Found Yrymamad's Armour Emporium.
  4694 | D:5      | Noticed Prince Ribbit
  4711 | D:5      | Killed Prince Ribbit
  4712 | D:5      | Reached skill level 5 in Fighting
  4712 | D:5      | Reached skill level 9 in Axes
  4712 | D:5      | Reached skill level 5 in Armour
  4712 | D:5      | Reached XP level 8. HP: 23/68 MP: 8/8
  4773 | D:5      | Reached skill level 10 in Axes
  5480 | D:5      | Found a hide-covered altar of Uskayaw.
  5642 | D:6      | HP: 2/68 [steam dragon (9)]
  5969 | D:6      | Identified the +1 leather armour "Kaupud" {rF+}
  5982 | D:6      | Killed from afar by a steam dragon

Illustrated notes

Levels and vault maps discovered:
D:1:      minmay_arrival_cross, layout_loops_ring, serial_shops, shop,
          nicolae_ecumenical_lake_church
D:2:      layout_basic
D:3:      layout_loops_ring
D:4:      layout_rooms, general_overflow_altar, nemelex_diamond_rough_becter,
          elyvilon_altar_1, minmay_temple_entry_stoned_glass, serial_undead,
          serial_undead_e, serial_undead_c, serial_undead_d, serial_undead_c
D:5:      layout_gridville, nicolae_uskayaw_dance_hall, serial_shops,
          nicolae_shop_waterfront, gammafunk_ghost_icy, uniq_prince_ribbit1
D:6:      nicolae_cairo_tiling, layout_loops_ring, jmf_multi_god_temple
Temple:   grunt_temple_mini_profane

Skill      XL: |  1  2  3  4  5  6  7  8 |
---------------+-------------------------+-----
Axes           | 3 4 5 6 8 9 10 | 10.9
Fighting       | 4 5 |  5.5
Armour         | 4 5 |  5.5
Shields        | 4 |  4.4

Action                   |  1- 3 |  4- 6 |  7- 9 || total
-------------------------+-------+-------+-------++-------
Melee: War axe           |   120 |   164 |   124 ||   408
  Use: Potion            |       |     1 |     3 ||     4
       Scroll            |       |     3 |     2 ||     5
Armor: Scale mail        |    45 |    86 |    99 ||   230
Dodge: Dodged            |    53 |    64 |    78 ||   195
Block: Buckler           |    31 |    47 |    33 ||   111

Table legend: (Time is in decaauts)
 A = Elapsed time spent in this place.
 B = Non-inter-level travel time spent in this place.
 C = Inter-level travel time spent in this place.
 D = Time resting spent in this place.
 E = Time spent auto-exploring this place.
 F = Levels seen in this place.
 G = Mean time per level.
                   A        B        C        D        E       F      G
               +--------+--------+--------+--------+--------+-----+--------+
         Total |   6073 |   5865 |    208 |   1167 |   3750 |   7 |  867.6 |
       Dungeon |   5865 |   5695 |    170 |   1167 |   3589 |   6 |  977.5 |
        Temple |    208 |    170 |     38 |      0 |    161 |   1 |  208.0 |
               +--------+--------+--------+--------+--------+-----+--------+

Top non-repeatable levels by time:
     D:3: 1229 daAuts
     D:1: 1145 daAuts
     D:5: 1079 daAuts
     D:4: 1035 daAuts
     D:2: 986 daAuts
     D:6: 388 daAuts
  Temple: 208 daAuts
